AoeStats
← Hector

Black Forest

504814876Analyzed
4v4 RM · 26d ago on Sep 6, 2026· 37m 7s· 8 players
Game mode
Random Map
Map size
Large (8 player)
Population
200
Speed
Normal
Resources
Standard
Victory
Conquest
Starting age
Dark Age
Ending age
Imperial Age
RankedLock teamsTeams togetherTeam positionsShared explorationLock speedFull tech treeHidden civsTurbo modeCheats
Victory
Defeat
🇳🇱 Lithuanians · Netherlands
1552
+13
🇳🇱 Ethiopians · Netherlands
1550
+13
🇮🇹 Persians · Italy
1538
+13
🇮🇹 Britons · Italy
1531
+13
🇺🇸 Bohemians · United States
1489
-13
🇦🇹 Ethiopians · Austria
1477
-13
🇫🇷 Spanish · France
1473
-13
🇺🇸 Tatars · United States
1465
-13
Fort
1:04 Loom
15:00 Feudal Age
16:44 Double-Bit Axe
24:30 Castle Age
33:01 Fervor
CloudNood
11:01 Feudal Age
9:16 Loom
11:52 Double-Bit Axe
14:39 Castle Age
13:12 Horse Collar
22:11 Bow Saw
23:26 Wheelbarrow
24:42 Gold Mining
29:12 Imperial Age
27:35 Fletching
28:23 Bodkin Arrow
28:59 Padded Archer Armor
29:31 Capped Ram
30:39 Conscription
30:27 Bracer
30:43 Leather Archer Armor
31:51 Two-Man Saw
30:43 Elite Skirmisher
32:55 Ring Archer Armor
32:19 Siege Ram
33:34 Hand Cart
33:40 Squires
34:18 Heavy Plow
34:34 Scale Mail Armor
Hector
12:03 Feudal Age
15:49 Castle Age
13:42 Double-Bit Axe
15:15 Horse Collar
16:21 Loom
17:35 Bow Saw
17:25 Heavy Plow
29:11 Wheelbarrow
28:33 Town Watch
33:53 Imperial Age
31:28 Scale Mail Armor
32:01 Squires
32:37 Chain Mail Armor
32:33 Gold Mining
33:09 Forging
32:49 Arson
34:49 Coinage
35:49 Chemistry
35:10 Conscription
34:19 Halberdier
36:01 Plate Mail Armor
35:46 Onager
37:32 Siege Engineers
darwin
1:43 Loom
12:42 Feudal Age
16:21 Castle Age
14:22 Double-Bit Axe
14:36 Horse Collar
17:42 Bow Saw
17:43 Town Watch
24:05 Wheelbarrow
24:03 Gold Mining
24:46 Stone Mining
26:47 Gold Shaft Mining
27:07 Scale Barding Armor
27:12 Forging
27:37 Hand Cart
30:22 Imperial Age
28:28 Chain Barding Armor
29:38 Iron Casting
30:02 Heavy Plow
30:49 Bloodlines
30:39 Husbandry
30:39 Elite Keshik
31:56 Plate Barding Armor
31:57 Conscription
34:04 Blast Furnace
34:28 Block Printing
34:36 Fortified Wall
35:29 Illumination
35:19 Fervor
pac.Padawan NL
9:40 Loom
11:58 Feudal Age
13:31 Fletching
19:41 Castle Age
19:45 Crossbowman
20:50 Bodkin Arrow
22:15 Double-Bit Axe
23:11 Horse Collar
28:12 Wheelbarrow
28:52 Bow Saw
32:52 Hand Cart
37:25 Imperial Age
36:17 Ballistics
EVA | luxfma
12:07 Feudal Age
15:33 Castle Age
13:20 Double-Bit Axe
13:18 Horse Collar
16:18 Bow Saw
16:24 Heavy Plow
22:23 Wheelbarrow
21:33 Loom
22:48 Gold Mining
22:50 Stone Mining
24:57 Gold Shaft Mining
29:03 Imperial Age
26:51 Hand Cart
26:38 Caravan
27:15 Scale Barding Armor
27:21 Forging
27:47 Masonry
27:30 Fletching
28:13 Town Watch
28:53 Bloodlines
28:43 Husbandry
29:44 Chain Barding Armor
29:59 Iron Casting
30:40 Chemistry
30:11 Architecture
30:13 Conscription
31:11 Plate Barding Armor
30:20 Elite War Elephant
32:04 Blast Furnace
31:46 Onager
34:51 Two-Man Saw
34:31 Bodkin Arrow
37:22 Ballistics
36:59 Murder Holes
Shul
0:46 Loom
12:25 Feudal Age
16:53 Castle Age
15:08 Double-Bit Axe
17:51 Horse Collar
26:01 Imperial Age
24:27 Gold Mining
25:18 Fletching
25:51 Padded Archer Armor
26:38 Ballistics
27:18 Bodkin Arrow
30:07 Fortified Wall
30:40 Bracer
34:27 Bow Saw
37:46 Leather Archer Armor
pac.Etwin O' Fliguter
1:24 Loom
14:08 Feudal Age
14:56 Double-Bit Axe
15:00 Horse Collar
17:49 Castle Age
16:37 Scale Barding Armor
17:49 Bloodlines
27:13 Wheelbarrow
29:48 Hand Cart
34:12 Imperial Age
33:14 Husbandry
33:08 Gold Mining
33:10 Fletching
33:20 Padded Archer Armor
34:06 Bow Saw
33:55 Elite Skirmisher
34:31 Bodkin Arrow
34:59 Ballistics
36:04 Chemistry
35:30 Bracer
35:45 Leather Archer Armor
37:06 Stone Mining
Connection lost

Rejoining the realm…

Still unreachable

The connection could not be restored.

Session expired

The server has moved on; the page needs a fresh start.